 Dungeon Crawl Stone Soup version 0.25.1-2-g60ff931df9 (webtiles) character file.

Game seed: 15347676146600177724

8253 Johnny the Spear-Bearer (level 10, -3/86 HPs)
             Began as a Demigod Gladiator on Aug 16, 2020.
             Slain by an ice devil (11 damage)
             ... in an ice cave.
             The game lasted 00:11:17 (13126 turns).

Johnny the Spear-Bearer (Demigod Gladiator)        Turns: 13126, Time: 00:11:18

Health: -3/86      AC: 14    Str: 20 (23) XL:     10   Next: 80%
Magic:  13/13      EV:  8    Int: 13 (15) God:
Gold:   555        SH:  0    Dex: 14 (17) Spells: 9/9 levels left

rFire    . . .     SeeInvis .   F - +2 halberd (flame)
rCold    + . .     Gourm    .   (shield currently unavailable)
rNeg     . . .     Faith    .   b - +0 chain mail
rPois    .         Spirit   .   y - +1 helmet {Int+3}
rElec    .         Reflect  .   C - scarf {+Inv}
rCorr    .         Harm     .   (no gloves)
MR       +....                  (no boots)
Stlth    ..........             (no amulet)
HPRegen  0.24/turn              u - +4 ring of protection
MPRegen  0.13/turn              A - ring of protection from cold

@: mighty, stab, very slightly contaminated, invisible
A: high mp 1
a: no special abilities


You were in an ice cave.
You were completely stuffed.

You visited 1 branch of the dungeon, and saw 11 of its levels.
You also visited: Ice Cave.

You collected 599 gold pieces.
You spent 44 gold pieces at shops.

Inventory:

Hand Weapons
 t - a +0 halberd
 F - a +2 halberd of flaming (weapon)
Missiles
 d - 4 throwing nets (quivered)
Armour
 a - a +0 cloak
 b - a +0 chain mail (worn)
 y - a +1 helmet of intelligence (worn)
 C - a scarf of invisibility (worn)
Jewellery
 u - a +4 ring of protection (left hand)
 A - a ring of protection from cold (right hand)
Wands
 w - a wand of random effects (37)
 z - a wand of polymorph (6)
 B - a wand of iceblast (9)
Scrolls
 c - 2 scrolls of teleportation {unknown}
 e - a scroll of fog
 g - 2 scrolls of fear
 n - 2 scrolls of enchant armour
 o - 3 scrolls of blinking
 p - 6 scrolls of remove curse
 E - 2 scrolls of amnesia {unknown}
Potions
 i - 2 potions of invisibility
 j - 3 potions of curing
 k - 2 potions of stabbing
 l - a potion of berserk rage {unknown}
 m - 2 potions of heal wounds {unknown}
 q - a potion of ambrosia {unknown}
 r - a potion of magic
 v - a potion of might
 x - a potion of degeneration
 D - a potion of flight {unknown}
 G - a potion of mutation {unknown}
 H - a potion of resistance {unknown}
Comestibles
 f - 17 rations


   Skills:
 - Level 7.3 Fighting
 * Level 13.8 Polearms
 - Level 1.7 Throwing
 - Level 2.6 Dodging


You had 9 spell levels left.
You didn't know any spells.
Your spell library contained the following spells:

 Spells                   Type           Power        Failure   Level  Hunger
 Beastly Appendage        Tmut           #.....       98%         1    ##.....
 Freeze                   Ice            #...         98%         1    ##.....
 Magic Dart               Conj           #...         98%         1    ##.....
 Searing Ray              Conj           #.....       99%         2    ###....
 Sticks to Snakes         Tmut           #.......     99%         2    ###....
 Dazzling Flash           Conj/Hex       #.....       100%        3    ####...
 Frozen Ramparts          Ice            #.....       100%        3    ####...
 Ozocubu's Armour         Chrm/Ice       #.......     100%        3    ####...
 Spider Form              Tmut/Pois      #.........   100%        3    ####...
 Fulminant Prism          Conj/Hex       #.........   100%        4    #####..
 Hailstorm                Conj/Ice       #.......     100%        4    #####..
 Ice Form                 Ice/Tmut       #.......     100%        4    #####..
 Iskenderun's Mystic Bla  Conj/Tloc      #.......     100%        4    #####..
 Summon Ice Beast         Ice/Summ       #.......     100%        4    #####..
 Blade Hands              Tmut           #.........   100%        5    ######.


Dungeon Overview and Level Annotations

Branches:
Dungeon (11/15)            Temple (0/1) D:4            Lair (0/6) D:10
    Orc (0/2) D:10          IceCv (1/1)

Shops:
D:5 ((*((

Annotations:
D:3 Edmund
D:4 exclusion: oklob plant IceCv exclusion: 2 ice statues


Innate Abilities, Weirdness & Mutations

You have an increased reservoir of magic. (+10% MP)


Message History

You closely miss the ice devil. The ice devil hits you.
* * * LOW HITPOINT WARNING * * *
The ice devil freezes you. You resist.
* * * LOW HITPOINT WARNING * * *
Unknown command.
It was a potion of degeneration.
There was something very wrong with that liquid.
You feel weakened.
You feel dopey.
You feel clumsy. The ice devil hits you.
* * * LOW HITPOINT WARNING * * *
The ice devil freezes you. You resist.
* * * LOW HITPOINT WARNING * * *
It was a potion of might.
You feel very mighty all of a sudden. The ice devil misses you.
It was a potion of magic.
Magic courses through your body. The ice devil hits you.
* * * LOW HITPOINT WARNING * * *
The ice devil freezes you! You resist.
You die...

....# #..###...#
#...# ##.# ##..#
#...# #.. #..#
#.○§## §§§ ##..#
###§.§§# °§.
#..##
#☼§°§§.##§§§##..#
#§§§○§#§.## #..##
§§§§°§###..##
#..# .§§§§§
#.44###@## §○§§§
##..#44## .○○☼☼
##..44# .§§§
##..## .○○# ####


You could see 4 ice devils.

Vanquished Creatures
  A two-headed ogre (D:9)
  An unseen horror (D:10)
  A komodo dragon (D:10)
  5 ice devils (IceCv)
  Prince Ribbit (D:8)
  A hippogriff (D:11)
  2 wraiths
  Eustachio (D:5)
  3 hungry ghosts
  A water moccasin (D:10)
  4 orc warriors
  An ice beast (D:10)
  2 black bears
  5 sky beasts
  A phantom (D:5)
  8 ogres
  7 centaurs
  2 crocodiles (D:10)
  Blork the orc (D:5)
  6 bullfrogs
  A big kobold (D:5)
  3 howler monkeys (D:9)
  5 jellies
  2 crimson imps
  A centaur zombie (D:7)
  5 orc wizards
  2 hounds
  2 orc priests
  4 iguanas
  2 bullfrog skeletons
  A gnoll shaman (D:6)
  Terence (D:2)
  8 worker ants
  2 hound skeletons
  A worker ant zombie (D:6)
  A howler monkey skeleton (D:4)
  7 gnolls (D:6)
  9 adders
  3 shadow imps
  A white imp (IceCv)
  An ufetubus (IceCv)
  5 oozes
  An adder zombie (D:5)
  4 worms
  A dart slug (D:2)
  7 leopard geckos
  46 orcs
  2 giant cockroaches
  7 goblins
  8 hobgoblins
  13 jackals
  27 kobolds
  6 quokkas
  6 ball pythons
  10 bats
  4 frilled lizards
  2 quokka skeletons
  8 rats
273 creatures vanquished.

Vanquished Creatures (others)
  A reaper (IceCv)
  7 white imps (IceCv)
  8 ufetubi (IceCv)
  A plant (D:10)
17 creatures vanquished.

Grand Total: 290 creatures vanquished

Notes
Turn   | Place    | Note
-------+----------+-------------------------------------------
     0 | D:1      | Johnny the Demigod Gladiator began the quest for the Orb.
     0 | D:1      | Reached XP level 1. HP: 17/17 MP: 3/3
   139 | D:1      | Reached skill level 3 in Polearms
   164 | D:1      | Reached XP level 2. HP: 15/24 MP: 4/4
   761 | D:1      | Reached XP level 3. HP: 30/30 MP: 5/5
  1410 | D:2      | Noticed Terence
  1416 | D:2      | Killed Terence
  1416 | D:2      | Reached skill level 4 in Polearms
  1416 | D:2      | Reached XP level 4. HP: 23/37 MP: 6/6
  1417 | D:2      | Found a basalt altar of Yredelemnul.
  2535 | D:3      | Found a shattered altar of Ashenzari.
  2634 | D:3      | Reached XP level 5. HP: 45/45 MP: 7/7
  2736 | D:3      | Found a radiant altar of Vehumet.
  2803 | D:3      | Found a snail-covered altar of Cheibriados.
  3218 | D:4      | Reached skill level 5 in Polearms
  3226 | D:4      | Noticed Edmund
  4599 | D:4      | Found an ornate altar of the Wu Jian Council.
  4609 | D:4      | Found a staircase to the Ecumenical Temple.
  4610 | D:4      | Noticed an ogre
  4621 | D:4      | Reached XP level 6. HP: 33/51 MP: 8/8
  5140 | D:4      | Found a shimmering blue altar of Sif Muna.
  5198 | D:4      | Found a blossoming altar of Fedhas.
  5212 | D:4      | Noticed an oklob plant
  5312 | D:5      | Entered Level 5 of the Dungeon
  5312 | D:5      | Found Wego's Weapon Emporium.
  5334 | D:5      | Reached skill level 6 in Polearms
  5461 | D:5      | Noticed Blork the orc
  5471 | D:5      | Killed Blork the orc
  5473 | D:5      | Reached XP level 7. HP: 46/60 MP: 9/9
  5485 | D:5      | Reached skill level 7 in Polearms
  5592 | D:5      | Found Lophyoll's Antique Weapon Emporium.
  5759 | D:5      | Found a shimmering blue altar of Sif Muna.
  5863 | D:5      | Found Kocleq's Weapon Boutique.
  5867 | D:5      | Bought a +0 halberd for 44 gold pieces
  6144 | D:5      | Noticed Eustachio
  6174 | D:5      | Reached skill level 5 in Fighting
  6587 | D:5      | Found Seloavio's Antique Weapon Shop.
  6664 | D:5      | Found Ziptarif's Assorted Antiques.
  6991 | D:5      | Killed Eustachio
  6991 | D:5      | Reached skill level 8 in Polearms
  6991 | D:5      | Reached XP level 8. HP: 69/69 MP: 10/10
  7902 | D:6      | Reached skill level 9 in Polearms
  8483 | D:7      | Found a shadowy altar of Dithmenos.
  8513 | D:7      | Reached XP level 9. HP: 78/78 MP: 11/11
  8667 | D:7      | Reached skill level 10 in Polearms
  9410 | D:8      | Noticed Prince Ribbit
  9432 | D:8      | Killed Prince Ribbit
  9432 | D:8      | Reached skill level 11 in Polearms
  9660 | D:9      | Found a shadowy altar of Dithmenos.
  9880 | D:9      | Noticed a two-headed ogre
  9911 | D:10     | Entered Level 10 of the Dungeon
 10506 | D:10     | Found a staircase to the Orcish Mines.
 10647 | D:10     | Found a staircase to the Lair.
 10648 | D:10     | Noticed a komodo dragon
 10678 | D:10     | Killed a komodo dragon
 10844 | D:10     | Reached XP level 10. HP: 86/86 MP: 13/13
 10880 | D:10     | Killed an unseen horror
 10880 | D:10     | Reached skill level 12 in Polearms
 11193 | D:10     | Found a radiant altar of Vehumet.
 11545 | D:9      | Killed a two-headed ogre
 11545 | D:9      | Reached skill level 13 in Polearms
 11712 | D:9      | Found a sparkling altar of Nemelex Xobeh.
 11712 | D:9      | Found a burning altar of Makhleb.
 11712 | D:9      | Found an iron altar of Okawaru.
 11724 | D:9      | Found a hide-covered altar of Uskayaw.
 11724 | D:9      | Noticed a +0 dagger
 11724 | D:9      | Noticed a +0 dagger
 11822 | D:9      | Found a hazy altar of Hepliaklqana.
 12371 | D:11     | Found a frozen archway.
 12381 | IceCv    | Entered an ice cave
 12469 | IceCv    | Killed a reaper
 12755 | IceCv    | Noticed an ice statue
 12755 | IceCv    | Noticed an ice statue
 13126 | IceCv    | Slain by an ice devil

Illustrated notes

Levels and vault maps discovered:
D:1:      saegor_arrival_simple_c, layout_basic
D:2:      layout_loops_ring, overflow_temple_1_default, hangedman_decor_growths,
          uniq_terence
D:3:      layout_loops_ring, vehumet_crystals, cheibriados_altar_1,
          nicolae_ashenzari_panopticon, first_ration
D:4:      layout_rooms, kennysheep_mini, tgw_fedhas,
          minmay_temple_entry_junction_2, lemuel_blue_sif_altar, uniq_edmund
D:5:      kennysheep_kobold_camp, layout_rooms, overflow_temple_1_default,
          serial_shops, nicolae_shop_crystal, shop, shop, kennysheep_little_box,
          nicolae_shop_behind_doors, serial_co_window_serial, co_window_paths_b,
          co_window_paths_a, co_window_corner_a, co_window_paths_a,
          co_window_corner_a, co_window_of_opportunity_c, co_window_corner_b,
          co_window_broadway_c, co_window_broadway_b, glass_columns_a,
          glass_columns_b, uniq_blork_the_orc, uniq_eustachio
D:6:      layout_rooms, lemuel_another_geyser
D:7:      layout_loops_ring, basic_altar, grunt_ogre_cave, serial_bayou_pond_e
D:8:      layout_rooms, minivault_24, uniq_prince_ribbit1
D:9:      layout_basic, dancing_weapons_uskayaw, gammafunk_temple_overflow_claw,
          marbit_many_paths, basic_altar
D:10:     layout_loops_ring, david_lair_shrubbed, hiddenorc1_lemuel, basic_altar
D:11:     layout_loops_ring, serial_shops, nicolae_shop_waterfront, shop, shop,
          kennysheep_mini_moat, portal_ice_cave_entry_pillars_2,
          nicolae_blasting_shop
IceCv:    ice_cave_small_demon

Skill      XL: |  1  2  3  4  5  6  7  8  9 10 |
---------------+-------------------------------+-----
Fighting       | 2 3 4 5 6 7 |  7.3
Polearms       | 3 4 5 6 8 9 11 13 | 13.8
Throwing       | |  1.7
Dodging        | |  2.6

Action                   |  1- 3 |  4- 6 |  7- 9 | 10-12 || total
-------------------------+-------+-------+-------+-------++-------
Melee: Trident           |   111 |   319 |    18 |       ||   448
       Halberd           |       |       |   492 |   128 ||   620
 Abil: Evoke Invisibilit |       |       |     1 |     2 ||     3
  Use: Potion            |     1 |       |       |     8 ||     9
       Scroll            |       |       |     9 |     1 ||    10
 Stab: Sleeping          |     2 |       |       |       ||     2
       Invisible         |       |       |     4 |    10 ||    14
  Eat: Chunk             |     2 |     9 |    25 |     3 ||    39
       Ration            |       |     1 |     1 |     4 ||     6
Armor: Leather armour    |    28 |       |       |       ||    28
       Scale mail        |       |   122 |    10 |       ||   132
       Chain mail        |       |       |   243 |    79 ||   322
Dodge: Dodged            |    55 |   166 |   183 |    37 ||   441
